 Dungeon Crawl Stone Soup version 0.18.1-48-g4cf74bf (webtiles) character file.

424 Krovax3 the Magician (level 6, 0/33 HPs)
             Began as a Deep Elf Necromancer on July 25, 2016.
             Killed from afar by an orc wizard (5 damage)
             ... with a magic dart
             ... on level 5 of the Dungeon.
             The game lasted 00:56:32 (5716 turns).

Krovax3 the Magician (Deep Elf Necromancer)         Turns: 5716, Time: 00:56:34

Health: 0/33       AC:  6    Str:  7    XL:     6   Next: 64%
Magic:  0/18       EV: 13    Int: 21    God:
Gold:   145        SH:  0    Dex: 16    Spells: 7 memorised, 0 levels left

rFire  + . .     SeeInvis .     s - -2 dagger (curse)
rCold  x . .     Gourm    .     a - +1 robe
rNeg   . . .     Faith    .     (no shield)
rPois  .         Spirit   .     (no helmet)
rElec  .         Dismiss  .     w - +0 cloak
rCorr  .         Reflect  .     (no gloves)
SustAt .         Harm     .     m - +1 pair of boots
MR     .....                    (no amulet)
Stlth  ++........               t - ring of Nuduet {Fire Str+2}
                                h - ring of flight

@: not resistant to hostile enchantments, unstealthy
A: no striking features
a: Evoke Flight


You were on level 5 of the Dungeon.
You were not hungry.

You visited 1 branch of the dungeon, and saw 5 of its levels.

You collected 183 gold pieces.
You spent 38 gold pieces at shops.

Inventory:

Hand Weapons
 f - a +1 dagger
 s - a cursed -2 dagger (weapon)
Missiles
 k - a throwing net (quivered)
Armour
 a - a +1 robe (worn)
 m - a +1 pair of boots (worn)
 w - a +0 cloak (worn)
Jewellery
 h - a ring of flight (left hand)
 t - the ring of Nuduet (right hand) {Fire Str+2}
   (You found it on level 4 of the Dungeon)

   [ring of fire]

   It enhances your fire magic, and weakens your ice magic.
   It affects your strength (+2).
   It protects you from fire.
   It makes you vulnerable to cold.
Scrolls
 e - 2 scrolls of identify
 j - a scroll of recharging
 q - a scroll of enchant weapon
Potions
 d - a potion of cure mutation {unknown}
 g - 3 potions of degeneration
 i - a potion of curing {unknown}
 r - 2 potions of mutation
 z - a potion of heal wounds {unknown}
Books
 b - a book of Necromancy

   Spells                             Type                      Level
   a - Pain                           Necromancy                   1
   b - Animate Skeleton               Necromancy                   1
   c - Vampiric Draining              Necromancy                   3
   d - Regeneration                   Charms/Necromancy            3
   e - Animate Dead                   Necromancy                   4
   f - Control Undead                 Necromancy                   4
 n - a Young Poisoner's Handbook

   Spells                             Type                      Level
   a - Sting                          Conjuration/Poison           1
   b - Cure Poison                    Poison                       2
   c - Mephitic Cloud                 Conjuration/Poison/Air       3
   d - Olgreb's Toxic Radiance        Poison                       4
   e - Venom Bolt                     Conjuration/Poison           5
Comestibles
 c - 3 bread rations
 l - a royal jelly
 o - 2 slices of pizza
 u - a meat ration
 v - a beef jerky
 x - 3 fruits


   Skills:
 + Level 0.7 Fighting
 * Level 2.7 Dodging
 - Level 2.4 Stealth
 + Level 7.3 Spellcasting
 + Level 0.2 Conjurations
 - Level 1.7 Charms
 + Level 6.5 Necromancy
 + Level 0.6 Air Magic
 - Level 1.2 Poison Magic


You couldn't memorise any spells.
You knew the following spells:

 Your Spells              Type           Power        Failure   Level  Hunger
a - Pain                  Necr           ####         1%          1    None
b - Animate Skeleton      Necr           N/A          1%          1    None
c - Vampiric Draining     Necr           #####.....   1%          3    None
d - Regeneration          Chrm/Necr      ####......   6%          3    None
e - Animate Dead          Necr           N/A          8%          4    ###....
f - Mephitic Cloud        Conj/Pois/Air  ##......     21%         3    None
g - Control Undead        Necr           #####.....   8%          4    ###....


Dungeon Overview and Level Annotations

Branches:
Dungeon (5/15)
 Temple: D:4-7

Altars:
Fedhas
Trog
Xom

Shops:
D:4 %


Message History

Aiming: Pain
Press: ? - help, Shift-Dir - straight line, f/p - orc priest
Aim: an orc priest, wielding a dagger (almost dead, chance to defeat MR: 84%)
The orc priest barely resists.
The orc wizard hits you with a dagger.
* * * LOW HITPOINT WARNING * * *
The orc hits you but does no damage.
Your orc zombie hits the orc wizard with a short sword.
The orc priest hits you but does no damage.
Casting: Pain
Confirm with . or Enter, or press ? or * to list all spells.
Aiming: Pain
Press: ? - help, Shift-Dir - straight line, f/p - orc priest
Aim: an orc priest, wielding a dagger (almost dead, chance to defeat MR: 84%)
The orc priest convulses in agony!
You kill the orc priest!
The orc wizard barely misses you. The orc completely misses you.
Your orc zombie hits the orc wizard with a short sword.
The orc wizard points at you and mumbles some strange words.
The magic dart hits you!
You die...

..?....##o# ..###
####...##.# #...#
.......##o# #...#
#........######...#####
#.##oo###.........$....
. #... ..............
.o....## .....).Z)...
..... ######)o?# ..
##.##. #@o.# .# #. #.
#...# .# # #. #...#
####.### #...#
#......### #...#
###.........
##.####.....>..#
#.............##.
######...........
#########....####.


You could see an orc wizard, an orc and a friendly orc zombie.

Vanquished Creatures
  An ogre (D:4)
  A gnoll shaman (D:4)
  3 orc priests
  A centaur skeleton (D:4)
  An iguana (D:4)
  2 worker ants
  3 gnolls
  An adder (D:4)
  2 worms
  2 dart slugs (D:1)
  6 giant geckos
  7 orcs
  8 bats
  7 giant cockroaches
  3 goblins
  7 hobgoblins
  4 jackals (D:1)
  A quokka (D:4)
  A ball python (D:4)
  3 giant newts
  A jackal skeleton (D:4)
  2 kobolds
  5 rats
72 creatures vanquished.

Vanquished Creatures (collateral kills)
  A shadow imp (D:4)
  An ooze (D:3)
  A giant cockroach (D:3)
  A bat (D:3)
  A rat (D:3)
5 creatures vanquished.

Grand Total: 77 creatures vanquished

Notes
Turn   | Place    | Note
--------------------------------------------------------------
     0 | D:1      | Krovax3 the Deep Elf Necromancer began the quest for the Orb.
     0 | D:1      | Reached XP level 1. HP: 10/10 MP: 6/6
   673 | D:1      | Reached XP level 2. HP: 12/15 MP: 4/8
   808 | D:1      | Reached skill level 5 in Necromancy
  1014 | D:1      | Reached skill level 4 in Spellcasting
  1573 | D:2      | Learned a level 1 spell: Animate Skeleton
  1636 | D:2      | Found a shimmering altar of Xom.
  1673 | D:2      | Reached XP level 3. HP: 19/19 MP: 9/11
  1702 | D:2      | Learned a level 3 spell: Vampiric Draining
  2201 | D:2      | Found a bloodstained altar of Trog.
  3363 | D:3      | Reached skill level 5 in Spellcasting
  3453 | D:3      | Reached XP level 4. HP: 10/24 MP: 5/13
  4078 | D:3      | Learned a level 3 spell: Regeneration
  4083 | D:3      | Learned a level 4 spell: Animate Dead
  4367 | D:4      | Found Xufasavu's Food Boutique.
  4375 | D:4      | Bought a slice of pizza for 19 gold pieces
  4375 | D:4      | Bought a slice of pizza for 19 gold pieces
  4418 | D:4      | Reached skill level 6 in Spellcasting
  4418 | D:4      | Reached XP level 5. HP: 27/28 MP: 2/15
  4557 | D:4      | Got a steaming tin ring
  4601 | D:4      | Identified the ring of Nuduet {Fire Str+2} (You found it on level 4 of the Dungeon)
  4616 | D:4      | Noticed an ogre
  4625 | D:4      | Killed an ogre
  4823 | D:4      | Reached skill level 7 in Spellcasting
  4830 | D:4      | Learned a level 3 spell: Mephitic Cloud
  4908 | D:4      | Found a blossoming altar of Fedhas.
  5190 | D:4      | Reached XP level 6. HP: 30/32 MP: 14/18
  5361 | D:5      | Entered Level 5 of the Dungeon
  5369 | D:5      | Learned a level 4 spell: Control Undead
  5405 | D:5      | Reached skill level 1 in Charms
  5429 | D:4      | Reached skill level 1 in Poison Magic
  5716 | D:5      | Killed from afar by an orc wizard

Skill      XL: |  1  2  3  4  5  6 |
---------------+-------------------+-----
Necromancy     | 5 6 |  6.5
Spellcasting   | 4 5 6 7 |  7.3
Charms         | 1 |  1.7
Poison Magic   | 1 |  1.2
Fighting       | |  0.7
Dodging        | |  2.7
Stealth        | |  2.4
Conjurations   | |  0.2
Air Magic      | |  0.6

Action                   |  1- 3 |  4- 6 || total
-------------------------+-------+-------++-------
Melee: Dagger            |    45 |    37 ||    82
Throw: Throwing net      |       |     1 ||     1
 Cast: Pain              |    55 |    69 ||   124
       Animate Skeleton  |     9 |     5 ||    14
       Vampiric Draining |     2 |    18 ||    20
       Animate Dead      |       |    10 ||    10
       Regeneration      |       |     6 ||     6
  Use: Scroll            |       |     8 ||     8
       Potion            |       |     1 ||     1
 Stab: Sleeping          |     1 |     1 ||     2
  Eat: Bread ration      |     1 |       ||     1
       Chunk             |     3 |     4 ||     7
       Royal jelly       |       |     2 ||     2
       Fruit             |       |     2 ||     2
Armor: Robe              |     9 |    21 ||    30
Dodge: Dodged            |    45 |    47 ||    92
